 Dungeon Crawl Stone Soup version 0.31-a0-188-g5e087ee2ca (webtiles) character file.

Game seed: 8172573289357045947

1565 cforsyth the Ogre Mage (level 8, -2/67 HPs)
             Began as an Ogre Fire Elementalist on June 23, 2023.
             Slain by a sleepcap (6 damage)
             ... on level 5 of the Dungeon.
             The game lasted 00:13:48 (7524 turns).

cforsyth the Ogre Mage (Ogre Fire Elementalist)     Turns: 7524, Time: 00:13:49

Health: -2/67      AC:  3    Str: 19    XL:     8   Next: 89%
Magic:  11/19      EV:  9    Int: 18    God:
Gold:   303        SH:  0    Dex:  9    Spells: 14/21 levels left

rFire   . . .        v - +2 dagger "Hoicumia" {freeze, Str+6}
rCold   + . .        (no shield)
rNeg    . . .        a - +0 robe
rPois   .            (helmet restricted)
rElec   .            (no cloak)
rCorr   .            (gloves unavailable)
SInv    .            (boots unavailable)
Will    +....        (no amulet)
Stlth   +            k - ring of protection from cold
HPRegen 0.31/turn    q - ring of willpower
MPRegen 0.16/turn

%: no passive effects
@: about to teleport
A: large, unfitting armour, tough skin 1
a: no special abilities


You were on level 5 of the Dungeon.
You visited 1 branch of the dungeon, and saw 5 of its levels.
You also visited: Sewer and Ossuary.

You collected 303 gold pieces.

Inventory:

Hand Weapons
 v - the +2 dagger "Hoicumia" (weapon) {freeze, Str+6}
   (You found it on level 4 of the Dungeon)

   Str:       It affects your strength (+6).
Armour
 a - a +0 robe (worn)
Jewellery
 c - a +6 ring of dexterity
 g - a ring of fire
 k - a ring of protection from cold (left hand)
 q - a ring of willpower (right hand)
 t - a ring of resist corrosion
Wands
 s - a wand of digging (2)
Scrolls
 e - 4 scrolls of teleportation
 f - a scroll of revelation {unknown}
 i - 2 scrolls of amnesia {unknown}
 j - 3 scrolls of brand weapon {unknown}
 o - 3 scrolls of identify
 u - a scroll of fog
 x - a scroll of torment {unknown}
 y - a scroll of blinking {unknown}
 A - a scroll of fear {unknown}
 C - a scroll of vulnerability {unknown}
Potions
 b - a potion of magic
 d - 3 potions of curing {unknown}
 h - 3 potions of mutation {unknown}
 l - a potion of degeneration {unknown}
 m - 2 potions of heal wounds {unknown}
 n - 7 potions of might {unknown}
 p - a potion of haste {unknown}
 r - 2 potions of ambrosia {unknown}
 w - 3 potions of brilliance {unknown}
 z - a potion of enlightenment {unknown}
 B - 2 potions of attraction {unknown}


   Skills:
 - Level 1.7 Dodging
 - Level 1.4 Stealth
 + Level 7.3 Spellcasting
 + Level 5.6 Conjurations
 + Level 6.3 Fire Magic


You had 14 spell levels left.
You knew the following spells:

 Your Spells              Type           Power      Damage    Failure   Level
a - Foxfire               Conj/Fire      100%       2x1d9     1%          1
b - Scorch                Fire           58%        2d7       1%          2
c - Flame Wave            Conj/Fire      28%        2d9       9%          4

Your spell library contained the following spells:

 Spells                   Type           Power      Damage    Failure   Level
 Magic Dart               Conj           100%       1d8       1%          1
 Inner Flame              Hex/Fire       17%        N/A       9%          3
 Volatile Blastmotes      Fire/Tloc      34%        2d12      9%          3
 Sticky Flame             Conj/Fire      28%        2d5       9%          4
 Mephitic Cloud           Conj/Pois/Air  13%        N/A       14%         3
 Call Imp                 Summ           12%        N/A       16%         2
 Olgreb's Toxic Radiance  Pois           6%         N/A       71%         4
 Alistair's Intoxication  Tmut/Pois      4%         N/A       96%         5
 Borgnjor's Vile Clutch   Necr/Erth      3%         N/A       96%         5
 Eringya's Noxious Bog    Tmut/Pois      3%         N/A       100%        6
 Discord                  Hex            3%         N/A       100%        8
 Ignition                 Fire           14%        3d6       100%        8


Dungeon Overview and Level Annotations

Branches:
Dungeon (5/15)             Temple (0/1) D:4           Sewer (visited)
Ossuary (visited)

Altars:

Shops:
D:1 =

Annotations:
D:5 Blork the orc


Innate Abilities, Weirdness & Mutations

You are too large for most types of armour.
You have tough skin. (AC +1)


Message History

Blork the orc miscasts a cantrip.
The gnoll barely misses you.
You conjure some foxfire!
The foxfire hits the sleepcap!
The sleepcap is heavily damaged.
The foxfire hits the sleepcap but does no damage.
The sleepcap is heavily damaged.
The gnoll hits you from afar with a +0 halberd.
The sleepcap releases spores at you.
You are engulfed in a cloud of soporific spores!
You fall asleep.
The foxfire hits the gnoll.
The gnoll is moderately wounded.
The foxfire hits the sleepcap.
The sleepcap is severely damaged.
The gnoll hits you from afar with a +0 halberd!!!
You wake up.
Ouch! That really hurt!
* * * LOW HITPOINT WARNING * * *
Blork the orc looks satisfied for a moment.
The sleepcap releases spores at you.
* * * LOW HITPOINT WARNING * * *
You are engulfed in a cloud of soporific spores!
You are unaffected.
Unknown command.
Unknown command.
Unknown command.
Unknown command.
As you read the scroll labelled IVVASS JEUBBU, it crumbles to dust.
You feel strangely unstable.
It was a scroll of teleportation.
Blork the orc casts a spell at you. The puff of frost hits you. You resist.
* * * LOW HITPOINT WARNING * * *
The sleepcap releases spores at you!
* * * LOW HITPOINT WARNING * * *
The gnoll barely misses you.
Unknown command.
Unknown command.
Unknown command.
The sleepcap attacks as you move away! The sleepcap releases spores at you.
You die...

...# #..## ##..##
#...## ########
##...####......####
##...............#####
##...................
##########....o.....
##.@.g..)$. ##f.g...#.
#.....## ## #....##
.## #....# ..## #....#
...# #....# #..##
#...## ##..##


You could see Blork the orc (fast), a sleepcap and 2 gnolls.

Vanquished Creatures
  Sigmund (D:5)
  2 black bears
  An ogre (D:3)
  3 kobold brigands (Sewer)
  An elf zombie (Ossuary)
  A scorpion (D:5)
  2 centaur zombies (Ossuary)
  A human zombie (Ossuary)
  5 hounds
  A jelly (D:5)
  An orc priest (D:5)
  2 iguanas
  3 ogre zombies (Ossuary)
  7 mummies (Ossuary)
  A gnoll (D:5)
  A river rat (Sewer)
  14 adders
  A white imp (D:5)
  6 adder zombies (Ossuary)
  6 worms
  3 dart slugs
  6 orcs
  11 ball pythons
  12 endoplasms
  5 giant cockroaches
  4 goblins
  5 hobgoblins
  4 jackals (D:1)
  7 quokkas
  3 bats
  A frilled lizard (D:2)
  3 goblin zombies (Ossuary)
  A hobgoblin zombie (Ossuary)
  15 kobolds
  4 kobold zombies (Ossuary)
  4 quokka zombies (Ossuary)
  8 rats
  5 rat zombies (Ossuary)
161 creatures vanquished.

Vanquished Creatures (others)
  595 foxfires
595 creatures vanquished.

Grand Total: 756 creatures vanquished

Notes
Turn   | Place    | Note
-------+----------+-------------------------------------------
     0 | D:1      | cforsyth the Ogre Fire Elementalist began the quest for the
                  | Orb.
     0 | D:1      | Reached XP level 1. HP: 16/16 MP: 3/3
    65 | D:1      | Reached skill level 1 in Conjurations
   163 | D:1      | Reached XP level 2. HP: 24/24 MP: 3/5
   733 | D:1      | Found Paimew's Jewellery Shop.
   858 | D:1      | Reached skill level 3 in Spellcasting
  1230 | D:2      | Reached XP level 3. HP: 31/31 MP: 2/7
  1794 | D:2      | Reached XP level 4. HP: 39/39 MP: 5/9
  2143 | D:2      | Learned a level 2 spell: Scorch
  3214 | D:3      | Reached XP level 5. HP: 41/45 MP: 7/10
  3244 | D:3      | Noticed an ogre
  3471 | D:3      | Killed an ogre
  3472 | D:3      | Reached skill level 4 in Spellcasting
  3790 | D:3      | Reached XP level 6. HP: 53/53 MP: 8/12
  4007 | D:4      | Found a staircase to the Ecumenical Temple.
  4045 | D:4      | Found a glowing drain.
  4064 | Sewer    | Entered a sewer
  4211 | Sewer    | Reached skill level 5 in Spellcasting
  4307 | Sewer    | Reached XP level 7. HP: 45/59 MP: 11/14
  4531 | D:4      | Identified the +2 dagger "Hoicumia" {freeze, Str+6}
  4564 | D:4      | Found a sand-covered staircase.
  4573 | Ossuary  | Entered an ossuary
  4842 | Ossuary  | Learned a level 4 spell: Flame Wave
  5169 | Ossuary  | Reached skill level 5 in Fire Magic
  5508 | Ossuary  | Reached skill level 6 in Spellcasting
  5854 | Ossuary  | Reached XP level 8. HP: 67/67 MP: 7/17
  6814 | D:5      | Entered Level 5 of the Dungeon
  6875 | D:5      | Reached skill level 5 in Conjurations
  7049 | D:5      | Noticed Sigmund
  7055 | D:5      | Killed Sigmund
  7056 | D:5      | Reached skill level 7 in Spellcasting
  7516 | D:5      | Noticed Blork the orc
  7524 | D:5      | Slain by a sleepcap

Illustrated notes

Levels and vault maps discovered:
D:1:      dpeg_arrival_round_c, layout_loops_ring, serial_shops,
          nicolae_shop_gaudy_bauble, minmay_crystal_water
D:2:      layout_rooms
D:3:      minmay_bubble_buster, layout_loops_ring
D:4:      layout_loops_ring, minmay_temple_entry_large_hall,
          portal_sewer_entry_f, serial_bayou, serial_bayou_pond_b,
          serial_bayou_pond_e, serial_bayou_pond_c, serial_bayou_pond_c,
          enter_ossuary_1
D:5:      layout_layer_cave, uniq_blork_the_orc, uniq_sigmund

Skill      XL: |  1  2  3  4  5  6  7  8 |
---------------+-------------------------+-----
Conjurations   | 1 2 3 4 5 |  5.6
Fire Magic     | 3 4 5 6 |  6.3
Spellcasting   | 3 4 5 6 7 |  7.3
Dodging        | |  1.7
Stealth        | |  1.4

Action                     |  1- 3 |  4- 6 |  7- 9 || total
---------------------------+-------+-------+-------++-------
  Melee: Unarmed           |     6 |    24 |     4 ||    34
   Cast: Foxfire           |    83 |   139 |   141 ||   363
         Scorch            |       |    17 |    83 ||   100
    Use: Scroll            |       |     2 |     1 ||     3
         Potion            |       |     1 |       ||     1
 Armour: Robe              |     8 |    12 |    14 ||    34
  Dodge: Dodged            |     8 |    19 |    17 ||    44

Table legend: (Time is in decaauts)
 A = Elapsed time spent in this place.
 B = Non-inter-level travel time spent in this place.
 C = Inter-level travel time spent in this place.
 D = Time resting spent in this place.
 E = Time spent auto-exploring this place.
 F = Levels seen in this place.
 G = Mean time per level.
                   A        B        C        D        E       F      G
               +--------+--------+--------+--------+--------+-----+--------+
         Total |   7520 |   7462 |     58 |    151 |   5876 |   7 | 1074.3 |
       Dungeon |   5537 |   5479 |     58 |    151 |   4497 |   5 | 1107.4 |
         Sewer |    389 |    389 |      0 |      0 |      0 |   1 |  389.0 |
       Ossuary |   1593 |   1593 |      0 |      0 |   1379 |   1 | 1593.0 |
               +--------+--------+--------+--------+--------+-----+--------+

Top non-repeatable levels by time:
     D:3: 1624 daAuts
 Ossuary: 1593 daAuts
     D:1: 1225 daAuts
     D:2: 1141 daAuts
     D:4: 836 daAuts
     D:5: 709 daAuts
   Sewer: 389 daAuts
